| TOP OF THE 1ST |
|
Houston Astros batting - Pitching for Montreal Expos : RHP Julian Black
|
|
Pitching: RHP Julian Black
|
|
|
Batting: LHB Josh Corkery
|
0-0: Swinging Strike 0-1: Called Strike 0-2: Ball 1-2: Strikes out swinging
|
|
Batting: LHB Eric Katz
|
0-0: Swinging Strike 0-1: Called Strike 0-2: Foul Ball, location: 2F 0-2: Ball 1-2: Ball 2-2: SINGLE (Groundball, 15S, EV 65.0 MPH) (infield hit)
|
|
Batting: LHB Bryce Hill
|
0-0: Ball 1-0: Ball 2-0: Foul Ball, location: 2F 2-1: Foul Ball, location: 2F 2-2: Ball 3-2: Foul Ball, location: 2F 3-2: Foul Ball, location: 2F 3-2: SINGLE (Groundball, 6M, EV 104.4 MPH) Eric Katz to second Eric Katz to third
|
|
Batting: SHB Joe Gardner
|
0-0: Ball 1-0: Ball 2-0: Foul Ball, location: 2F 2-1: Foul Ball, location: 2F 2-2: Strikes out swinging
|
|
Batting: LHB Josh Birkner
|
0-0: Called Strike 0-1: Foul Ball, location: 2F 0-2: Ball 1-2: Foul Ball, location: 2F 1-2: Ball 2-2: Strikes out swinging, 2-3 out at first.
|
| Top of the 1st over - 0 runs, 2 hits, 0 errors, 2 left on base; Houston 0 - Montreal 0 |
| BOTTOM OF THE 1ST |
|
Montreal Expos batting - Pitching for Houston Astros : RHP Moises Hernandez Jr.
|
|
Pitching: RHP Moises Hernandez Jr.
|
|
|
Batting: LHB Bill McGregor
|
0-0: Ball 1-0: Ball 2-0: Foul Ball, location: 2F 2-1: Called Strike 2-2: Foul Ball, location: 2F 2-2: Fly out, F9 (Flyball, 9D, EV 100.6 MPH)
|
|
Batting: LHB Mark Marvin
|
0-0: Swinging Strike 0-1: Swinging Strike 0-2: Ball 1-2: Strikes out swinging
|
|
Batting: LHB Austin Ohmer
|
0-0: Ball 1-0: Ball 2-0: Called Strike 2-1: Ball 3-1: Base on Balls
|
|
Batting: RHB Steve French
|
0-0: Ball 1-0: Foul Ball, location: 2F 1-1: Ball 2-1: Ground out 5-3 (Groundball, 56D, EV 104.4 MPH)
|
| Bottom of the 1st over - 0 runs, 0 hits, 0 errors, 1 left on base; Houston 0 - Montreal 0 |
| TOP OF THE 2ND |
|
Houston Astros batting - Pitching for Montreal Expos : RHP Julian Black
|
|
Batting: RHB Eric Chotkowski
|
0-0: Ball 1-0: Ball 2-0: Foul Ball, location: 2F 2-1: Called Strike 2-2: Strikes out swinging
|
|
Batting: RHB Mark Marks
|
0-0: Foul Ball, location: 2F 0-1: Ball 1-1: Ball 2-1: Swinging Strike 2-2: Strikes out looking
|
|
Batting: RHB Danny Merrill
|
0-0: Ground out U3 (Groundball, 3, EV 83.8 MPH)
|
| Top of the 2nd over - 0 runs, 0 hits, 0 errors, 0 left on base; Houston 0 - Montreal 0 |
| BOTTOM OF THE 2ND |
|
Montreal Expos batting - Pitching for Houston Astros : RHP Moises Hernandez Jr.
|
|
Batting: LHB Eric Toney
|
0-0: Fly out, F3 (Popup, 3F, EV 61.2 MPH)
|
|
Batting: SHB Lou Kroneman
|
0-0: Called Strike 0-1: Ball 1-1: Called Strike 1-2: Strikes out swinging
|
|
Batting: RHB Jonathan Fraire
|
0-0: Ball 1-0: Called Strike 1-1: Ball 2-1: Ball 3-1: Ground out 6-3 (Groundball, 6, EV 77.5 MPH)
|
| Bottom of the 2nd over - 0 runs, 0 hits, 0 errors, 0 left on base; Houston 0 - Montreal 0 |
| TOP OF THE 3RD |
|
Houston Astros batting - Pitching for Montreal Expos : RHP Julian Black
|
|
Batting: LHB Jimmy Edlin
|
0-0: Ball 1-0: Fly out, F6 (Popup, 15S, EV 84.4 MPH)
|
|
Batting: LHB Josh Corkery
|
0-0: Ground out U3 (Groundball, 3, EV 77.5 MPH)
|
|
Batting: LHB Eric Katz
|
0-0: DOUBLE (Line Drive, 78D, EV 103.8 MPH)
|
|
Batting: LHB Bryce Hill
|
0-0: Ball 1-0: Ball 2-0: Called Strike 2-1: Foul Ball, location: 2F 2-2: Ball 3-2: Strikes out swinging
|
| Top of the 3rd over - 0 runs, 1 hit, 0 errors, 1 left on base; Houston 0 - Montreal 0 |
| BOTTOM OF THE 3RD |
|
Montreal Expos batting - Pitching for Houston Astros : RHP Moises Hernandez Jr.
|
|
Batting: RHB Tommy Mize
|
0-0: Foul Ball, location: 2F 0-1: Foul Ball, location: 2F 0-2: Ball 1-2: Ball 2-2: SINGLE (Groundball, 6MD, EV 96.2 MPH)
|
|
Batting: RHB Danny Diaz
|
0-0: Called Strike 0-1: Ball 1-1: Swinging Strike 1-2: Foul Ball, location: 2F 1-2: Strikes out swinging
|
|
Batting: LHB Bill McGregor
|
0-0: SINGLE (Flyball, 5D, EV 89.4 MPH) Tommy Mize to second
|
|
Batting: LHB Mark Marvin
|
0-0: Ball 1-0: Fielders Choice at 2nd, 4-6 (Groundball, 4, EV 85.0 MPH) Tommy Mize to third
|
|
Batting: LHB Austin Ohmer
|
0-0: Ball 1-0: Ball 2-0: SINGLE (Line Drive, 7S, EV 103.1 MPH) Tommy Mize scores Mark Marvin to second Runner from 2nd tries for 3rd, OUT! 7-5
|
| Bottom of the 3rd over - 1 run, 3 hits, 0 errors, 1 left on base; Houston 0 - Montreal 1 |
| TOP OF THE 4TH |
|
Houston Astros batting - Pitching for Montreal Expos : RHP Julian Black
|
|
Batting: SHB Joe Gardner
|
0-0: Fly out, F8 (Flyball, 8LM, EV 95.6 MPH)
|
|
Batting: LHB Josh Birkner
|
0-0: SINGLE (Groundball, 4D, EV 102.5 MPH)
|
|
Batting: RHB Eric Chotkowski
|
0-0: Ball 1-0: Called Strike 1-1: Ball 2-1: Swinging Strike 2-2: SINGLE (Groundball, 6D, EV 95.0 MPH) Josh Birkner to second
|
|
Batting: RHB Mark Marks
|
0-0: Foul Ball, location: 2F 0-1: Foul Ball, location: 2F 0-2: Ball 1-2: Ball 2-2: Foul Ball, location: 2F 2-2: Foul Ball, location: 2F 2-2: Foul Ball, location: 2F 2-2: SINGLE (Groundball, 56S, EV 69.4 MPH) (infield hit) Josh Birkner to third Eric Chotkowski to second
|
|
Batting: RHB Danny Merrill
|
0-0: Called Strike 0-1: Ball 1-1: Grounds out, U3 (Groundball, 3L, EV 79.4 MPH) Josh Birkner scores Eric Chotkowski to third
|
|
Batting: LHB Jimmy Edlin
|
0-0: Called Strike 0-1: Ball 1-1: Ball 2-1: Foul Ball, location: 2F 2-2: Fly out, F8 (Flyball, 8RD, EV 96.9 MPH)
|
| Top of the 4th over - 1 run, 3 hits, 0 errors, 2 left on base; Houston 1 - Montreal 1 |
| BOTTOM OF THE 4TH |
|
Montreal Expos batting - Pitching for Houston Astros : RHP Moises Hernandez Jr.
|
|
Batting: RHB Steve French
|
0-0: Ball 1-0: Ball 2-0: Called Strike 2-1: Foul Ball, location: 2F 2-2: Ball 3-2: Base on Balls
|
|
Batting: LHB Eric Toney
|
0-0: Called Strike 0-1: Swinging Strike 0-2: Foul Ball, location: 2F 0-2: Foul Ball, location: 2F 0-2: Foul Ball, location: 2F 0-2: Ball Steve French is caught stealing 2nd base 2-6 1-2: Foul Ball, location: 2F 1-2: Fly out, F8 (Flyball, 8RS, EV 88.1 MPH)
|
|
Batting: SHB Lou Kroneman
|
0-0: Swinging Strike 0-1: Swinging Strike 0-2: Ball 1-2: SINGLE (Groundball, P, EV 82.5 MPH) (infield hit)
|
|
Batting: RHB Jonathan Fraire
|
0-0: Ball 1-0: Fly out, F8 (Line Drive, 78M, EV 102.5 MPH)
|
| Bottom of the 4th over - 0 runs, 1 hit, 0 errors, 1 left on base; Houston 1 - Montreal 1 |
| TOP OF THE 5TH |
|
Houston Astros batting - Pitching for Montreal Expos : RHP Julian Black
|
|
Batting: LHB Josh Corkery
|
0-0: Called Strike 0-1: Ground out 6-3 (Groundball, 6, EV 88.8 MPH)
|
|
Batting: LHB Eric Katz
|
0-0: Foul Ball, location: 2F 0-1: Hit by Pitch
|
|
Batting: LHB Bryce Hill
|
0-0: Called Strike 0-1: Ground out 6-3 (Groundball, 4S, EV 84.4 MPH) Eric Katz to second
|
|
Batting: SHB Joe Gardner
|
0-0: Ground out U3 (Groundball, 3, EV 82.5 MPH)
|
| Top of the 5th over - 0 runs, 0 hits, 0 errors, 1 left on base; Houston 1 - Montreal 1 |
| BOTTOM OF THE 5TH |
|
Montreal Expos batting - Pitching for Houston Astros : RHP Moises Hernandez Jr.
|
|
Batting: RHB Tommy Mize
|
0-0: Called Strike 0-1: Called Strike 0-2: Ground out 6-3 (Groundball, 6, EV 89.4 MPH)
|
|
Batting: RHB Danny Diaz
|
0-0: Foul Ball, location: 2F 0-1: Swinging Strike 0-2: Ball 1-2: Fly out, F9 (Flyball, 9, EV 95.0 MPH)
|
|
Batting: LHB Bill McGregor
|
0-0: Foul Ball, location: 2F 0-1: Ball 1-1: Ball 2-1: Foul Ball, location: 2F 2-2: Foul Ball, location: 2F 2-2: Ball 3-2: Base on Balls
|
|
Batting: LHB Mark Marvin
|
0-0: Ball 1-0: Called Strike Bill McGregor steals 2nd base 1-1: Ball 2-1: Fly out, F8 (Flyball, 8LXD, EV 108.1 MPH)
|
| Bottom of the 5th over - 0 runs, 0 hits, 0 errors, 1 left on base; Houston 1 - Montreal 1 |
| TOP OF THE 6TH |
|
Houston Astros batting - Pitching for Montreal Expos : RHP Julian Black
|
|
Batting: LHB Josh Birkner
|
0-0: Ground out 6-3 (Groundball, 4M, EV 87.5 MPH)
|
|
Batting: RHB Eric Chotkowski
|
0-0: Called Strike 0-1: Fly out, F7 (Flyball, 78D, EV 96.9 MPH)
|
|
Batting: RHB Mark Marks
|
0-0: Called Strike 0-1: Ball 1-1: Foul Ball, location: 2F 1-2: SINGLE (Line Drive, 3D, EV 111.2 MPH)
|
|
Batting: RHB Danny Merrill
|
0-0: Ball 1-0: Ball 2-0: Ball 3-0: Called Strike 3-1: Foul Ball, location: 2F 3-2: Strikes out looking
|
| Top of the 6th over - 0 runs, 1 hit, 0 errors, 1 left on base; Houston 1 - Montreal 1 |
| BOTTOM OF THE 6TH |
|
Montreal Expos batting - Pitching for Houston Astros : RHP Moises Hernandez Jr.
|
|
Batting: LHB Austin Ohmer
|
0-0: Called Strike 0-1: Swinging Strike 0-2: DOUBLE (Line Drive, 9LM, EV 109.4 MPH)
|
|
Batting: RHB Steve French
|
0-0: Called Strike 0-1: Foul Ball, location: 2F 0-2: Ball 1-2: Ball 2-2: Foul Ball, location: 2F 2-2: Fly out, F8 (Flyball, 8RD, EV 98.1 MPH) Runner from 2nd tags up, SAFE at 3rd with throw by CF
|
|
Batting: LHB Eric Toney
|
0-0: Ball 1-0: Swinging Strike 1-1: Ball 2-1: Called Strike 2-2: Strikes out swinging
|
|
Batting: SHB Lou Kroneman
|
0-0: Called Strike 0-1: Ball 1-1: Foul Ball, location: 2F 1-2: Strikes out swinging
|
| Bottom of the 6th over - 0 runs, 1 hit, 0 errors, 1 left on base; Houston 1 - Montreal 1 |
| TOP OF THE 7TH |
|
Houston Astros batting - Pitching for Montreal Expos : RHP Julian Black
|
|
Batting: LHB Jimmy Edlin
|
0-0: Ball 1-0: Ball 2-0: Ball 3-0: Swinging Strike 3-1: Called Strike 3-2: Strikes out swinging
|
|
Pitching: RHP Zack Rust
|
|
|
Batting: LHB Josh Corkery
|
0-0: Called Strike 0-1: Foul Ball, location: 2F 0-2: Strikes out swinging
|
|
Batting: LHB Eric Katz
|
0-0: Ball 1-0: Fly out, F8 (Flyball, 8LD, EV 105.6 MPH)
|
| Top of the 7th over - 0 runs, 0 hits, 0 errors, 0 left on base; Houston 1 - Montreal 1 |
| BOTTOM OF THE 7TH |
|
Montreal Expos batting - Pitching for Houston Astros : RHP Moises Hernandez Jr.
|
|
Pitching: RHP Josh Sandoval
|
|
|
Batting: RHB Jonathan Fraire
|
0-0: Ball 1-0: Called Strike 1-1: Called Strike 1-2: Foul Ball, location: 2F 1-2: Foul Ball, location: 2F 1-2: Strikes out swinging
|
|
Batting: RHB Tommy Mize
|
0-0: Called Strike 0-1: Ball 1-1: Ball 2-1: Ball 3-1: Foul Ball, location: 2F 3-2: Strikes out swinging
|
|
Pinch Hitting: LHB Darryl Gonnella
|
0-0: Fly out, F7 (Flyball, 7, EV 93.1 MPH)
|
| Bottom of the 7th over - 0 runs, 0 hits, 0 errors, 0 left on base; Houston 1 - Montreal 1 |
| TOP OF THE 8TH |
|
Houston Astros batting - Pitching for Montreal Expos : RHP Zack Rust
|
|
Now at SS: Tommie Eaton
|
|
|
Batting: LHB Bryce Hill
|
0-0: Ball 1-0: Fly out, F8 (Flyball, 8LM, EV 88.1 MPH)
|
|
Batting: SHB Joe Gardner
|
0-0: Called Strike 0-1: Foul Ball, location: 2F 0-2: Ball 1-2: SINGLE (Groundball, 25, EV 68.1 MPH) (infield hit)
|
|
Batting: LHB Josh Birkner
|
0-0: Ball 1-0: Ball 2-0: Fly out, F5 (Popup, 6S, EV 76.9 MPH)
|
|
Batting: RHB Eric Chotkowski
|
0-0: Ball 1-0: Ball 2-0: Swinging Strike 2-1: Swinging Strike 2-2: Strikes out swinging
|
| Top of the 8th over - 0 runs, 1 hit, 0 errors, 1 left on base; Houston 1 - Montreal 1 |
| BOTTOM OF THE 8TH |
|
Montreal Expos batting - Pitching for Houston Astros : RHP Josh Sandoval
|
|
Batting: LHB Bill McGregor
|
0-0: Ball 1-0: Ball 2-0: Ball 3-0: Called Strike 3-1: Base on Balls
|
|
Batting: LHB Mark Marvin
|
0-0: Ball 1-0: Sac Bunt to 3S - play at first, batter OUT! 3-4 Bill McGregor to second
|
|
Batting: LHB Austin Ohmer
|
0-0: Intentional Walk
|
|
Batting: RHB Steve French
|
0-0: Called Strike 0-1: Ball 1-1: Ball Bill McGregor steals 3rd base Austin Ohmer to second 2-1: Fly out, F9 (Flyball, 89M, EV 93.1 MPH) Runner from 3rd tags up, SCORES, no throw by RF
|
|
Batting: LHB Eric Toney
|
0-0: Foul Ball, location: 2F 0-1: Ball 1-1: Fly out, F7 (Flyball, 78S, EV 76.2 MPH)
|
| Bottom of the 8th over - 1 run, 0 hits, 0 errors, 1 left on base; Houston 1 - Montreal 2 |
| TOP OF THE 9TH |
|
Houston Astros batting - Pitching for Montreal Expos : RHP Zack Rust
|
|
Now at 3B: Tommie Eaton
|
|
|
Now at SS: Joey Pacheco
|
|
|
Batting: RHB Mark Marks
|
0-0: Called Strike 0-1: Swinging Strike 0-2: Ball 1-2: Strikes out looking
|
|
Pinch Hitting: LHB Jack Christie
|
0-0: Ball 1-0: Called Strike 1-1: Called Strike 1-2: SINGLE (Flyball, 78S, EV 91.9 MPH)
|
|
Batting: LHB Jimmy Edlin
|
0-0: Ball 1-0: Ball 2-0: Bunted foul 2-1: Sac Bunt to 5S - play at first, batter OUT! 5-3 Jack Christie to second
|
|
Batting: LHB Josh Corkery
|
0-0: Ball 1-0: Ball 2-0: Ball 3-0: Called Strike 3-1: Called Strike 3-2: Fly out, F7 (Line Drive, 78M, EV 91.9 MPH)
|
| Top of the 9th over - 0 runs, 1 hit, 0 errors, 1 left on base; Houston 1 - Montreal 2 |
|